 Dungeon Crawl Stone Soup version 0.28-a0-1389-gc726bef33b (webtiles) character file.

Game seed: 8723995669718609446

4068 Conn the Arsonist (level 10, -1/60 HPs)
             Began as an Octopode Fire Elementalist on Jan 3, 2022.
             Was a Follower of Sif Muna.
             Slain by a wolf (5 damage)
             ... led by Grum
             ... on level 8 of the Dungeon.
             The game lasted 00:24:59 (10744 turns).

Conn the Arsonist (Octopode Fire Elementalist)     Turns: 10744, Time: 00:24:59

Health: -1/60      AC:  1    Str:  7    XL:     10   Next: 25%
Magic:  2/21       EV: 14    Int: 21    God:    Sif Muna [*.....]
Gold:   288        SH:  0    Dex: 18    Spells: 7/24 levels left

rFire   + + .      SeeInvis .   v - +0 short sword "Fuarilest" {freeze, rElec rF+ Dex+4}
rCold   . . .      Faith    .   s - orb {guile}
rNeg    . . .      Spirit   .   (helmet restricted)
rPois   .          Reflect  .   (no amulet)
rElec   +          Harm     .   t - ring of protection from fire
rCorr   .          Rampage  .   y - ring of flight
Will    .....                   (no ring)
Stlth   ++++......              (no ring)
HPRegen 0.20/turn               (no ring)
MPRegen 0.17/turn               (no ring)
                                (no ring)
                                (no ring)

@: flying
A: almost no armour, amphibious, 8 rings, camouflage 1, gelatinous body 1,
(nimble swimmer 1), tentacles
a: Renounce Religion, Channel Magic


You were on level 8 of the Dungeon.
You worshipped Sif Muna.
Sif Muna was aware of your devotion.
You visited 2 branches of the dungeon, and saw 9 of its levels.
You also visited: Sewer.

You collected 398 gold pieces.
You spent 110 gold pieces at shops.

Inventory:

Hand Weapons
 a - a +0 dagger
 e - a +4 short sword
 n - a +2 rapier of venom
 v - the +0 short sword "Fuarilest" (weapon) {freeze, rElec rF+ Dex+4}
   (You found it on level 5 of the Dungeon)

   It freezes those it strikes, dealing additional cold damage.
   It can also slow down cold-blooded creatures.
   Dex:       It affects your dexterity (+4).
   rF:        It protects you from fire.
   rElec:     It insulates you from electricity.
Missiles
 g - 3 boomerangs of dispersal
 B - a curare-tipped dart
Armour
 s - an orb of guile (worn)
 A - a +2 kite shield
Magical Staves
 b - a staff of earth
Jewellery
 t - a ring of protection from fire (left tentacle)
 x - a ring of ice
 y - a ring of flight (right tentacle)
Wands
 w - a wand of mindburst (1)
Scrolls
 d - 4 scrolls of fog
 h - 2 scrolls of holy word
 j - a scroll of brand weapon {unknown}
 k - a scroll of amnesia {unknown}
 o - 3 scrolls of silence {unknown}
 r - 2 scrolls of fear {unknown}
Potions
 c - a potion of resistance
 i - 3 potions of brilliance {unknown}
 p - a potion of haste
 q - a potion of cancellation
 u - a potion of mutation {unknown}
 z - a potion of flight {unknown}


   Skills:
 + Level 2.0 Fighting
 + Level 2.7 Short Blades
 + Level 3.4 Dodging
 + Level 6.0 Stealth
 + Level 7.9 Spellcasting
 + Level 5.9 Conjurations
 + Level 2.2 Hexes
 + Level 8.5 Fire Magic


You had 7 spell levels left.
You knew the following spells:

 Your Spells              Type           Power      Damage    Failure   Level
a - Foxfire               Conj/Fire      100%       2x1d9     1%          1
b - Conjure Flame         Conj/Fire      38%        6-21      1%          3
c - Inner Flame           Hex/Fire       30%        N/A       2%          3
d - Flame Wave            Conj/Fire      38%        2d7       4%          4
e - Scorch                Fire           88%        2d9       1%          2
f - Sticky Flame          Conj/Fire      38%        2d6       4%          4

Your spell library contained the following spells:

 Spells                   Type           Power      Damage    Failure   Level
 Ignite Poison            Fire/Tmut/Pois 20%        N/A       8%          3
 Animate Skeleton         Necr           16%        N/A       9%          1
 Pain                     Necr           32%        1d5       9%          1
 Gell's Gravitas          Tloc           8%         N/A       24%         3
 Lesser Beckoning         Tloc           8%         N/A       24%         3
 Teleport Other           Tloc           8%         N/A       24%         3
 Vampiric Draining        Necr           8%         2d6       24%         3


Dungeon Overview and Level Annotations

Branches:
Dungeon (8/15)             Temple (1/1) D:6           Sewer (visited)
   Lair: D:8-11

Altars:
Cheibriados
Elyvilon
Fedhas
Kikubaaqudgha
Makhleb
Nemelex Xobeh
Qazlal
Sif Muna
Trog
Uskayaw
Xom
Yredelemnul
Zin
The Shining One

Shops:
D:1 *   D:4 *   D:7 [!

Annotations:
D:7 3 runed translucent doors, domsik's ghost, novice GrFi


Innate Abilities, Weirdness & Mutations

You cannot wear most types of armour.
You are amphibious.
You can wear up to eight rings at the same time.
Your skin changes colour to match your surroundings (Stealth+).
Your rubbery body absorbs attacks. (AC +1, EV +1)
((You are camouflaged when in or above water. (Stealth+)))
You have tentacles for arms and can constrict up to eight enemies at once.


Message History

The wolf is heavily wounded.
The wolf barely misses you. x2
You closely miss the wolf.
The wolf is heavily wounded.
The wolf barely misses you. The gnoll hits you but does no damage.
The wolf bites you but does no damage.
You barely miss the wolf.
The wolf is heavily wounded.
You feel less wooden.
The wolf is no longer more vulnerable to fire.
The gnoll is no longer more vulnerable to fire.
The wolf completely misses you. The gnoll misses you.
You hit the wolf but do no damage. You grab the wolf.
Your squeeze misses the wolf.
The wolf is heavily wounded.
You constrict the wolf, but do no damage.
The wolf bites you. The gnoll hits you with a +0 club.
The wolf closely misses you.
You hit the wolf but do no damage. You squeeze the wolf, but do no damage.
The wolf is heavily wounded.
You constrict the wolf, but do no damage.
The wolf barely misses you. The gnoll hits you with a +0 club.
The wolf bites you!
* * * LOW HITPOINT WARNING * * *
Unknown command.
Okay, then.
You feel better.
You constrict the wolf. The wolf bites you!
* * * LOW HITPOINT WARNING * * *
The gnoll closely misses you.
Okay, then.
Okay, then.
Okay, then.
Unknown command.
Unknown command.
Unknown command.
Aiming: Mindburst
Press: ? - help, Shift-Dir - straight line, f - wolf
Aim: a wolf (heavily wounded, constricted by you, chance to affect: 79%)
The wolf struggles to resist.
You constrict the wolf. The wolf bites you.
You die...

### #.# ######### ####.#
#........
.....#######.###########
####..........)h@g)....#
## #########.#######.###
. #.# # #.# ##### #..
..... ... ..... ..#h
..... #.#. .....


You could see a wolf and a gnoll.

Vanquished Creatures
  A two-headed ogre (D:8)
  Pikel (D:7)
  A cyclops (D:6)
  Grinder (Sewer)
  Grum (D:8)
  Menkaure (D:7)
  A sky beast (D:6)
  A black bear (D:5)
  An ogre (D:5)
  2 necrophages (D:6)
  3 wolves (D:8)
  2 kobold brigands
  A bullfrog (D:7)
  2 gnoll sergeants (D:7)
  A scorpion (D:5)
  A water moccasin skeleton (D:5)
  A killer bee (D:8)
  2 howler monkeys
  A bullfrog zombie (D:6)
  A crimson imp (D:3)
  3 centaur zombies
  3 hounds
  A centaur skeleton (D:7)
  2 orc priests
  2 quasits (Sewer)
  A jelly (D:7)
  3 orc wizards
  5 iguanas
  A killer bee zombie (D:7)
  4 adders
  9 gnolls
  A howler monkey skeleton (D:7)
  A river rat (D:3)
  2 shadow imps (Sewer)
  2 white imps
  5 ufetubi
  An adder skeleton (D:5)
  3 worms
  2 dart slugs (D:1)
  18 orcs
  3 bats
  A bat zombie (Sewer)
  6 endoplasms
  6 giant cockroaches
  10 goblins
  6 hobgoblins
  2 jackals (D:2)
  4 quokkas
  6 ball pythons
  A frilled lizard (D:1)
  2 goblin zombies (D:3)
  A hobgoblin zombie (D:3)
  21 kobolds
  A kobold skeleton (D:3)
  A kobold zombie (Sewer)
  An orc skeleton (D:3)
  An orc zombie (D:3)
  6 rats
174 creatures vanquished.

Vanquished Creatures (others)
  3 endoplasms (Sewer)
  560 foxfires
563 creatures vanquished.

Grand Total: 737 creatures vanquished

Notes
Turn   | Place    | Note
-------+----------+-------------------------------------------
     0 | D:1      | Conn the Octopode Fire Elementalist began the quest for the
                  | Orb.
     0 | D:1      | Reached XP level 1. HP: 11/11 MP: 3/3
    46 | D:1      | Found a faded altar of an unknown god.
   172 | D:1      | Reached XP level 2. HP: 17/17 MP: 0/5
  1114 | D:1      | Reached XP level 3. HP: 18/21 MP: 2/6
  1501 | D:1      | Found Pesisoq's Assorted Antiques.
  1812 | D:2      | Reached skill level 1 in Short Blades
  1812 | D:2      | Reached XP level 4. HP: 27/27 MP: 2/7
  3369 | D:3      | Found a glowing golden altar of the Shining One.
  3386 | D:3      | Reached XP level 5. HP: 26/32 MP: 2/9
  3487 | D:3      | Found a glowing drain.
  3514 | Sewer    | Entered a sewer
  3805 | Sewer    | Found a burning altar of Makhleb.
  3983 | Sewer    | Learned a level 3 spell: Conjure Flame
  3987 | Sewer    | Learned a level 3 spell: Inner Flame
  3990 | Sewer    | Learned a level 2 spell: Scorch
  4005 | Sewer    | Noticed a kobold brigand
  4019 | Sewer    | Reached XP level 6. HP: 27/37 MP: 0/11
  4110 | Sewer    | Reached skill level 4 in Fire Magic
  4367 | Sewer    | Noticed Grinder
  4547 | Sewer    | Killed Grinder
  4548 | Sewer    | Reached skill level 5 in Fire Magic
  4548 | Sewer    | Reached XP level 7. HP: 33/42 MP: 0/13
  5509 | D:4      | Found Coseun's Assorted Antiques.
  5657 | D:1      | Bought a jade ring for 110 gold pieces
  6015 | D:5      | Entered Level 5 of the Dungeon
  6576 | D:5      | Identified the +0 short sword "Fuarilest" {freeze, rElec
                  | rF+ Dex+4}
  6640 | D:4      | Reached skill level 1 in Fighting
  7100 | D:6      | Reached XP level 8. HP: 48/48 MP: 11/15
  7152 | D:6      | Reached skill level 5 in Spellcasting
  7680 | D:6      | Found a staircase to the Ecumenical Temple.
  7686 | Temple   | Entered the Ecumenical Temple
  7768 | Temple   | Became a worshipper of Sif Muna the Loreminder
  8011 | D:6      | Noticed a cyclops
  8027 | D:6      | Killed a cyclops
  8028 | D:6      | Reached skill level 6 in Fire Magic
  8331 | D:5      | Reached skill level 1 in Hexes
  8331 | D:5      | Reached XP level 9. HP: 53/53 MP: 8/18
  8856 | D:5      | Reached skill level 5 in Conjurations
  9164 | D:7      | Reached skill level 7 in Fire Magic
  9276 | D:7      | Noticed Pikel
  9295 | D:7      | Killed Pikel
  9296 | D:7      | Reached skill level 5 in Stealth
  9388 | D:7      | Found Hegutuoci's Distillery.
  9388 | D:7      | Found Lallayv's Armour Emporium.
  9428 | D:7      | Noticed Menkaure
  9434 | D:7      | Killed Menkaure
  9501 | D:7      | Reached * piety under Sif Muna
  9836 | D:7      | Found a runed translucent gate.
  9836 | D:7      | Found a runed translucent gate.
  9836 | D:7      | Found a runed translucent gate.
  9836 | D:7      | Noticed domsik's ghost (novice GrFi)
  9837 | D:7      | Found a basalt altar of Yredelemnul.
 10568 | D:7      | Learned a level 4 spell: Flame Wave
 10573 | D:7      | Learned a level 4 spell: Sticky Flame
 10659 | D:8      | Noticed a two-headed ogre
 10687 | D:8      | Killed a two-headed ogre
 10688 | D:8      | Reached skill level 8 in Fire Magic
 10688 | D:8      | Reached XP level 10. HP: 51/60 MP: 12/21
 10729 | D:8      | Noticed Grum
 10737 | D:8      | Killed Grum
 10744 | D:8      | Slain by a wolf

Illustrated notes

Levels and vault maps discovered:
D:1:      dpeg_arrival_lava_altar, layout_loops_corners, serial_shops, shop,
          dreamdust_ecumenical_altar_statues, minmay_misc_feat_ornament,
          st_stairs_9, fountainhead
D:2:      layout_basic
D:3:      layout_loops_cross, nicolae_tso_besieged_by_evil, portal_sewer_entry_a
D:4:      layout_basic, serial_shops, kennysheep_mini_moat
D:5:      layout_basic, st_stairs_1
D:6:      layout_cave_pools, minmay_temple_entry_enclosed_plants
D:7:      layout_loops_cross, nicolae_yredelemnul_ghost_church,
          columned_hall_lemuel, nicolae_wooded_promenade,
          hangedman_decor_peaks_small, st_stairs_10, minmay_misc_feat_doors,
          chequers_serial_rivers_micro_b, uniq_pikel, uniq_menkaure
D:8:      layout_basic, minivault_25, uniq_grum
Temple:   dpeg_five_rooms_temple

Skill      XL: |  1  2  3  4  5  6  7  8  9 10 |
---------------+-------------------------------+-----
Stealth        | 3 4 5 6 |  6.0
Short Blades   | 1 2 |  2.7
Spellcasting   | 3 4 6 7 |  7.9
Conjurations   | 2 3 4 5 |  5.9
Fire Magic     | 5 6 8 |  8.5
Fighting       | 1 2 |  2.0
Dodging        | 3 |  3.4
Hexes          | 1 2 |  2.2

Action                   |  1- 3 |  4- 6 |  7- 9 | 10-12 || total
-------------------------+-------+-------+-------+-------++-------
Melee: Dagger            |    41 |       |       |       ||    41
       Constrict         |    14 |     6 |    12 |     3 ||    35
       Tentacles         |     7 |     7 |     8 |     2 ||    24
       Short sword       |     3 |    22 |    38 |    10 ||    73
       Rapier            |       |       |    11 |       ||    11
 Cast: Foxfire           |    34 |   127 |   160 |     2 ||   323
       Scorch            |       |     5 |    22 |    10 ||    37
       Inner Flame       |       |     2 |    13 |     1 ||    16
       Conjure Flame     |       |       |     9 |     1 ||    10
       Flame Wave        |       |       |       |     2 ||     2
Evoke: Wand              |       |       |       |     1 ||     1
  Use: Scroll            |       |     4 |     5 |       ||     9
       Potion            |       |     1 |     1 |     3 ||     5
 Stab: Sleeping          |     3 |     2 |     7 |       ||    12
       Distracted        |       |       |     2 |       ||     2
Armor: Skin              |     6 |     3 |     7 |    36 ||    52
Dodge: Dodged            |    33 |    26 |    51 |    16 ||   126

Table legend: (Time is in decaauts)
 A = Elapsed time spent in this place.
 B = Non-inter-level travel time spent in this place.
 C = Inter-level travel time spent in this place.
 D = Time resting spent in this place.
 E = Time spent auto-exploring this place.
 F = Levels seen in this place.
 G = Mean time per level.
                   A        B        C        D        E       F      G
               +--------+--------+--------+--------+--------+-----+--------+
         Total |  10749 |  10303 |    446 |    876 |   6876 |  10 | 1074.9 |
       Dungeon |   9397 |   9020 |    377 |    479 |   6391 |   8 | 1174.6 |
        Temple |    185 |    116 |     69 |      0 |     97 |   1 |  185.0 |
         Sewer |   1166 |   1166 |      0 |    397 |    388 |   1 | 1166.0 |
               +--------+--------+--------+--------+--------+-----+--------+

Top non-repeatable levels by time:
     D:1: 2031 daAuts
     D:4: 1474 daAuts
     D:7: 1462 daAuts
     D:2: 1236 daAuts
   Sewer: 1166 daAuts
     D:5: 1122 daAuts
     D:6: 1120 daAuts
     D:3: 822 daAuts
  Temple: 185 daAuts
     D:8: 126 daAuts
